 Dungeon Crawl Stone Soup version 0.23.2-11-gf996548 (webtiles) character file.

Game seed: 17965082573578854054

106 Fang the Skirmisher (level 4, -6/29 HPs)
             Began as a Gargoyle Berserker on June 6, 2019.
             Was a Follower of Trog.
             Mangled by Sigmund
             ... wielding a +2 scythe of venom
              (8 damage)
             ... on level 3 of the Dungeon.
             The game lasted 00:01:38 (1902 turns).

Fang the Skirmisher (Gargoyle Berserker)            Turns: 1902, Time: 00:01:39

Health: -6/29      AC:  5    Str: 21    XL:     4   Next: 84%
Magic:  4/4        EV: 12    Int:  8    God:    Trog [*.....]
Gold:   123        SH:  0    Dex:  9    Spells: 3/3 levels left

rFire    . . .     SeeInvis .   a - +0 hand axe
rCold    . . .     Gourm    .   (no shield)
rNeg     + . .     Faith    .   b - +0 animal skin
rPois    ∞         Spirit   .   (no helmet)
rElec    +         Reflect  .   (no cloak)
rCorr    .         Harm     .   (no gloves)
MR       .....     Rnd*Tele +   (no boots)
Stlth    +.........             (no amulet)
HPRegen  0.09/turn              f - ring of teleportation (curse)
MPRegen  0.09/turn              (no ring)

@: confused, berserk cooldown, slowed, very slow
A: negative energy resistance 1, electricity resistance, unbreathing,
petrification resistance, rot immunity, AC +3
a: Berserk, Renounce Religion


You were on level 3 of the Dungeon.
You worshipped Trog.
Trog was aware of your devotion.
You were very hungry.

You visited 1 branch of the dungeon, and saw 3 of its levels.

You collected 123 gold pieces.

Inventory:

Hand Weapons
 a - a +0 hand axe (weapon)
Armour
 b - a +0 animal skin (worn)
Jewellery
 f - a cursed ring of teleportation (left hand)
Scrolls
 d - 5 scrolls of identify {unknown}
 e - 2 scrolls of remove curse {unknown}
 g - a scroll of amnesia {unknown}
 h - 2 scrolls of magic mapping {unknown}
 i - a scroll of immolation {unknown}
 l - a scroll of teleportation {unknown}
Potions
 j - a potion of brilliance {unknown}
 k - a potion of heal wounds {unknown}
 m - a potion of curing {unknown}
Comestibles
 c - 2 rations
 n - 6 chunks of flesh


   Skills:
 + Level 4.1 Fighting
 + Level 3.3 Axes
 + Level 3.1 Armour
 + Level 2.4 Dodging


You had 3 spell levels left.
You didn't know any spells.
Your spell library was empty.

Dungeon Overview and Level Annotations

Branches:
Dungeon (3/15)

Altars:

Annotations:
D:3 Sigmund


Innate Abilities, Weirdness & Mutations

You are resistant to torment.
Your stone body is resilient. (AC +3)
You are immune to poison.
You resist negative energy. (rN+)
You are resistant to electric shocks. (rElec)
You can survive without breathing.
You are immune to petrification.
You are immune to rotting.


Message History

You are feeling very hungry.
You slash Ijyb!
Ijyb is severely wounded.
Ijyb hits you but does no damage.
You slash Ijyb!
You kill Ijyb!
Trog accepts your kill.
You hear some strange, mumbled words.
You are confused.
You hear some strange, mumbled words.
A magic dart appears from out of thin air!
The magic dart hits you!
* * * LOW HITPOINT WARNING * * *
Found a stone staircase leading down.
You see here a quokka corpse.
You feel a strong urge to attack something.
You are no longer berserk.
You are exhausted.
You feel yourself slow down. Something hits you!
You die...

........... ...
......... #...
.......# .
....###......# ..
.......$.....#...
. .............>..
..###.............
.!....#.{.@..#
#...)†...#####
##?...........
###...........##
....#.........####
###...........[...
....#.....<...###
.####.........#
#.........#


There were no monsters in sight!

Vanquished Creatures
  Ijyb (D:3)
  Natasha (D:2)
  Terence (D:2)
  A dart slug (D:3)
  A leopard gecko (D:2)
  2 giant cockroaches
  4 goblins
  3 hobgoblins
  3 quokkas
  A ball python (D:2)
  5 bats
  A frilled lizard (D:2)
  4 kobolds (D:1)
  A rat (D:2)
29 creatures vanquished.

Notes
Turn   | Place    | Note
-------+----------+-------------------------------------------
     0 | D:1      | Fang the Gargoyle Berserker began the quest for the Orb.
     0 | D:1      | Reached XP level 1. HP: 14/14 MP: 1/1
   267 | D:1      | Reached XP level 2. HP: 7/19 MP: 2/2
   862 | D:2      | Noticed Terence
   875 | D:2      | Killed Terence
   875 | D:2      | Reached XP level 3. HP: 10/24 MP: 3/3
  1404 | D:2      | Noticed Natasha
  1416 | D:2      | Killed Natasha
  1416 | D:2      | Reached XP level 4. HP: 20/29 MP: 4/4
  1742 | D:2      | Reached skill level 4 in Fighting
  1884 | D:3      | Noticed Sigmund
  1885 | D:3      | Noticed Ijyb
  1887 | D:3      | Paralysed by Ijyb for 5 turns
  1899 | D:3      | Killed Ijyb
  1902 | D:3      | Mangled by Sigmund

Skill      XL: |  1  2  3  4 |
---------------+-------------+-----
Axes           | 3 |  3.3
Dodging        | 2 |  2.4
Armour         | 3 |  3.1
Fighting       | 4 |  4.1

Action                   |  1- 3 |  4- 6 || total
-------------------------+-------+-------++-------
Melee: Hand axe          |    83 |    24 ||   107
Invok: Berserk           |     3 |     1 ||     4
  Eat: Chunk             |     4 |     2 ||     6
Armor: Animal skin       |    22 |    12 ||    34
Dodge: Dodged            |    63 |    27 ||    90
